 Dungeon Crawl Stone Soup version 0.28.0-53-g5a82cb258f (console) character file.

Game seed: 17230179932340702303

499270 Faeu the Conqueror (level 24, -2/219 (224) HPs)
             Began as a Minotaur Fighter on May 28, 2022.
             Was the Champion of Hepliaklqana.
             Shot with an arrow by a deep elf master archer (23 damage)
             ... on level 3 of the Elven Halls on May 29, 2022.
             The game lasted 07:53:39 (88019 turns).

Faeu the Conqueror (Minotaur Fighter)              Turns: 88019, Time: 07:53:40

HP:   -2/219 (224)  AC: 45    Str: 53    XL:     24   Next: 1%
MP:   36/36         EV: 12    Int: 16    God:    Hepliaklqana [******]
Gold: 4199          SH: 17    Dex: 11    Spells: 23/23 levels left

rFire   . . .      SeeInvis .   a - +10 falchion {venom, rC- rCorr Str+8 Stlth+, long}
rCold   . . .      Faith    .   F - +2 kite shield {reflect}
rNeg    + . .      Spirit   .   M - +8 orange crystal plate armour {Archmagi, Int+3 Clar, rare=g}
rPois   .          Reflect  +   o - +3 hat of Pondering {ponderous, Will+ MP+10 Int+5}
rElec   +          Harm     .   v - +1 cloak {Will+}
rCorr   +          Rampage  .   S - +2 pair of gloves {Str+3}
Will    +++..      Archmagi +   N - +2 pair of boots of Tet Ban {rElec Str+7}
Stlth   .......... Clarity  +   i - amulet of regeneration {@e2}
HPRegen 1.26/turn               e - ring of Qiody {*Corrode rElec rN+ Str+3 Slay+2}
MPRegen 0.25/turn               A - ring of the Present {Fly rC+ Int+3}

@: flying, lightly drained, slow
A: reduced essence, horns 2, retaliatory headbutt, berserk 1, clumsy 1, deformed
body, low MP 1, strong 1, subdued magic 1
}: 2/15 runes: serpentine, silver
a: Renounce Religion, Recall Ancestor, Ancestor Identity, Transference, Idealise


You were on level 3 of the Elven Halls.
You worshipped Hepliaklqana.
Hepliaklqana was exalted by your worship.
You visited 12 branches of the dungeon, and saw 52 of its levels.
You also visited: Bailey.

You collected 5857 gold pieces.
You spent 1658 gold pieces at shops.


Innate Abilities, Weirdness & Mutations

Your life essence is reduced to manifest your ancestor. (-10% HP)
You have a pair of horns on your head.
You reflexively headbutt those who attack you in melee.
You tend to lose your temper in combat.
You are clumsy. (Dex -2)
Armour fits poorly on your strangely shaped body.
Your magical capacity is low. (-10% MP)
Your muscles are strong. (Str +2)
Your spells are a little easier to cast, but a little less powerful.


   Skills:
 O Level 27 Fighting
 - Level 20.6 Long Blades
 + Level 5.4 Axes
 - Level 11.7 Slings
 - Level 8.0 Bows
 - Level 25.0 Armour
 - Level 10.2 Dodging
 + Level 21.6 Shields
 - Level 9.4 Invocations
 - Level 8.7 Evocations


You had 23 spell levels left.
You didn't know any spells.
Your spell library contained the following spells:

 Spells                   Type           Power      Damage    Failure   Level
 Animate Skeleton         Necr           0%         N/A       63%         1
 Apportation              Tloc           0%         N/A       63%         1
 Beastly Appendage        Tmut           0%         N/A       63%         1
 Foxfire                  Conj/Fire      0%         2x1d4     63%         1
 Magic Dart               Conj           0%         1d3       63%         1
 Pain                     Necr           0%         1d4       63%         1
 Shock                    Conj/Air       0%         1d3       63%         1
 Slow                     Hex            0%         N/A       63%         1
 Summon Small Mammal      Summ           0%         N/A       63%         1
 Blink                    Tloc           0%         N/A       78%         2
 Call Imp                 Summ           0%         N/A       78%         2
 Corpse Rot               Necr/Air       0%         N/A       78%         2
 Ensorcelled Hibernation  Hex/Ice        0%         N/A       78%         2
 Poisonous Vapours        Pois/Air       0%         N/A       78%         2
 Searing Ray              Conj           0%         2d4       78%         2
 Static Discharge         Conj/Air       0%         N/A       78%         2
 Wereblood                Tmut           0%         N/A       78%         2
 Call Canine Familiar     Summ           0%         N/A       95%         3
 Conjure Flame            Conj/Fire      0%         6-21      95%         3
 Dazzling Flash           Conj/Hex       0%         N/A       95%         3
 Gell's Gravitas          Tloc           0%         N/A       95%         3
 Ignite Poison            Fire/Tmut/Pois 0%         N/A       95%         3
 Inner Flame              Hex/Fire       0%         N/A       95%         3
 Lesser Beckoning         Tloc           0%         N/A       95%         3
 Mephitic Cloud           Conj/Pois/Air  0%         N/A       95%         3
 Ozocubu's Armour         Ice            0%         N/A       95%         3
 Spider Form              Tmut/Pois      0%         N/A       95%         3
 Summon Guardian Golem    Hex/Summ       0%         N/A       95%         3
 Teleport Other           Tloc           0%         N/A       95%         3
 Anguish                  Hex/Necr       0%         N/A       100%        4
 Animate Armour           Summ/Erth      0%         N/A       100%        4
 Animate Dead             Necr           0%         N/A       100%        4
 Cause Fear               Hex            0%         N/A       100%        4
 Dispel Undead            Necr           0%         3d6       100%        4
 Flame Wave               Conj/Fire      0%         2d4       100%        4
 Fulminant Prism          Conj/Hex       0%         3d6       100%        4
 Iskenderun's Mystic Bla  Conj/Tloc      0%         2d3       100%        4
 Petrify                  Tmut/Erth      0%         N/A       100%        4
 Sticky Flame             Conj/Fire      0%         2d3       100%        4
 Summon Ice Beast         Ice/Summ       0%         N/A       100%        4
 Summon Lightning Spire   Summ/Air       0%         N/A       100%        4
 Agony                    Necr           0%         N/A       100%        5
 Alistair's Intoxication  Tmut/Pois      0%         N/A       100%        5
 Blade Hands              Tmut           0%         N/A       100%        5
 Borgnjor's Vile Clutch   Necr/Erth      0%         N/A       100%        5
 Fireball                 Conj/Fire      0%         3d3       100%        5
 Freezing Cloud           Conj/Ice/Air   0%         6-21      100%        5
 Manifold Assault         Tloc           0%         N/A       100%        5
 Metabolic Englaciation   Hex/Ice        0%         N/A       100%        5
 Silence                  Hex/Air        0%         N/A       100%        5
 Conjure Ball Lightning   Conj/Air       0%         3x3d6     100%        6
 Death Channel            Necr           0%         N/A       100%        6
 Dispersal                Tloc           0%         N/A       100%        6
 Iron Shot                Conj/Erth      0%         9d1       100%        6
 Simulacrum               Ice/Necr       0%         N/A       100%        6
 Starburst                Conj/Fire      0%         6d3       100%        6
 Statue Form              Tmut/Erth      0%         N/A       100%        6
 Haunt                    Necr/Summ      0%         N/A       100%        7
 Ozocubu's Refrigeration  Ice            0%         4d5       100%        7
 Storm Form               Tmut/Air       0%         N/A       100%        7
 Discord                  Hex            0%         N/A       100%        8
 Disjunction              Tloc           0%         N/A       100%        8
 Ignition                 Fire           0%         3d3       100%        8
 Maxwell's Capacitive Co  Air            0%         ∞         100%        8
 Death's Door             Necr           0%         N/A       100%        9

Inventory:

Hand Weapons
 a - the +10 falchion "Meaggudgh" (weapon) {venom, rC- rCorr Str+8 Stlth+, long}
   (You found it on level 3 of the Lair of Beasts)

   It poisons the flesh of those it strikes.
   Str:       It affects your strength (+8).
   rC:        It makes you vulnerable to cold.
   rCorr:     It protects you from acid and corrosion.
   Stlth:     It makes you more stealthy.
 b - the +7 long sword "Woanory" {protect, rF+, long}
   (You took it off a frost giant on level 5 of the Vaults)

   It grants its wielder temporary protection when it strikes (+7 to AC).
   rF:        It protects you from fire.
 n - the +8 hunting sling of Crusades {vorpal, rF+, sling}
   (You found it on level 1 of the Depths)

   Any ammunition fired from it inflicts extra damage upon your enemies.
   rF:        It protects you from fire.
 P - a +5 antimagic executioner's axe {axerare=g}
   (You subdued it on level 2 of the Elven Halls)
Missiles
 r - 124 poisoned darts {throwing}
 u - 4 datura-tipped darts {throwing}
 y - 249 sling bullets
 U - 15 curare-tipped darts {=fthrowing}
Armour
 o - the +3 hat of Pondering (worn) {ponderous, Will+ MP+10 Int+5}
   (You took it off Gastronok on level 10 of the Dungeon)

   Int:       It affects your intelligence (+5).
   MP:        It affects your magic capacity (+10).
   Will:      It increases your willpower.
 v - a +1 cloak of willpower (worn)
   (You bought it in a shop on level 2 of the Orcish Mines)
 F - a +2 kite shield of reflection (worn)
   (You took it off a naga warrior on level 4 of the Snake Pit)
 M - the +8 orange crystal plate armour (worn) {Archmagi, Int+3 Clar, rare=g}
   (You found it in a bailey)

   Int:       It affects your intelligence (+3).
   Clar:      It protects you against confusion.
 N - the +2 pair of boots of Tet Ban (worn) {rElec Str+7}
   (You bought it in a shop on level 1 of the Snake Pit)

   Str:       It affects your strength (+7).
   rElec:     It insulates you from electricity.
 S - a +2 pair of gloves of strength (worn)
   (You bought it in a shop on level 1 of the Orcish Mines)
Jewellery
 e - the ring of Qiody (left hand) {*Corrode rElec rN+ Str+3 Slay+2}
   (You found it on level 2 of the Elven Halls)

   [ring of positive energy]

   Str:       It affects your strength (+3).
   Slay:      It affects your accuracy & damage with ranged weapons and melee
   (+2).
   rElec:     It insulates you from electricity.
   rN:        It protects you from negative energy.
   *Corrode:  It may corrode you when you take damage.
 f - a ring of poison resistance
   (You bought it in a shop on level 2 of the Orcish Mines)
 i - an amulet of regeneration (around neck) {@e2}
   (You found it on level 1 of the Dungeon)
 m - a ring of ice
   (You found it on level 2 of the Dungeon)
 A - the ring of the Present (right hand) {Fly rC+ Int+3}
   (You found it on level 6 of the Lair of Beasts)

   [ring of flight]

   Int:       It affects your intelligence (+3).
   rC:        It protects you from cold.
   Fly:       It grants you flight.
 I - a ring of willpower
   (You took it off a vault sentinel on level 3 of the Vaults)
 T - a ring of fire
   (You took it off a vault warden on level 5 of the Vaults)
Wands
 c - a wand of mindburst (26)
   (You found it on level 1 of the Swamp)
 d - a wand of paralysis (21)
   (You found it on level 1 of the Swamp)
 g - a wand of digging (8)
   (You found it on level 3 of the Swamp)
 l - a wand of polymorph (56)
   (You found it on level 2 of the Dungeon)
 q - a wand of charming (16)
   (You found it on level 3 of the Dungeon)
 x - a wand of flame (70) (quivered)
   (You found it on level 5 of the Dungeon)
 D - a wand of iceblast (37)
   (You found it on level 7 of the Dungeon)
 W - a wand of acid (22)
   (You found it on level 2 of the Lair of Beasts)
Scrolls
 j - 10 scrolls of enchant weapon
 k - 4 scrolls of teleportation {@r4}
 p - 7 scrolls of fog
 s - 4 scrolls of silence {!r}
 t - 2 scrolls of immolation {!r!r}
 w - 2 scrolls of holy word
 E - 5 scrolls of brand weapon
 J - 4 scrolls of blinking {!r}
 Q - 13 scrolls of fear
 R - 9 scrolls of enchant armour
 Y - 6 scrolls of magic mapping {!r}
Potions
 h - 11 potions of curing {@q1}
 z - 8 potions of attraction {!q}
 B - 6 potions of haste {@q3}
 C - a potion of heal wounds {@q2}
 H - 6 potions of cancellation
 K - 2 potions of resistance
 V - 7 potions of might
 X - 2 potions of invisibility
 Z - 6 potions of mutation {!q}
Miscellaneous
 G - a lightning rod (4/4)
   (You found it on level 5 of the Vaults)
 L - a box of beasts (inert)
   (You found it on level 3 of the Crypt)
 O - a tin of tremorstones (2/2) {throwing}
   (You found it on level 9 of the Dungeon)

Dungeon Overview and Level Annotations

Branches:
Dungeon (15/15)            Temple (1/1) D:6            Lair (6/6) D:8
  Swamp (4/4) Lair:2        Snake (4/4) Lair:2        Slime (5/5) Lair:6
    Orc (2/2) D:10            Elf (3/3) Orc:2        Vaults (5/5) D:13
  Crypt (3/3) Vaults:2       Tomb (1/3) Crypt:3      Depths (3/4) D:15
 Bailey (visited)

Altars:
Cheibriados
Dithmenos
Elyvilon
Fedhas
Gozag
Hepliaklqana
Kikubaaqudgha
Makhleb
Nemelex Xobeh
Okawaru
Qazlal
Ru
Uskayaw
Vehumet
Wu Jian
Xom
Yredelemnul
Zin
The Shining One
Jiyva

Shops:
D:10 [   Orc:1 [   Orc:2 =?[*   Snake:1 [   Snake:4 :==:   Vaults:3 (

Portals:
Hell: Depths:1 Depths:2
Pandemonium: Orc:2 Depths:2
Ziggurat: Depths:1

Annotations:
D:10 3 runed translucent doors, Peloso's ghost, novice MiFi
D:11 exclusion: obsidian statue
D:15 2 runed translucent doors, Wuij Biv's ghost, adept MiFi
Lair:2 1 runed translucent door, Elebi's ghost, journeyman DrTm
Snake:1 Roxanne

###'#+########'########'#########
....'..........#................#
....#..........#)...............#
....#........).))...............#
############.####################
#.# ###.### ##.....##
###.......### #.......§§§.#
#.......§§@§# #.......§§§§#
#........§§§# #.........§§#
#...........# ###.).H...###
##.)).)## ###e### .....eeeee.e.e.
e......ee.ee... ..........e....


You could see a deep elf master archer and a friendly mature oxbat beast
(summoned).


Message History

The arrow hits Ayize!!
You hear a shout! 😨 HP[+1]
You hit the deep elf elementalist.
The deep elf elementalist is poisoned.
You headbutt the deep elf elementalist.
You hear a shout!
Ayize hits the deep elf elementalist with a +0 antimagic quick blade!
The deep elf elementalist's magic leaks into the air. 😨 HP[+1]
You slice the deep elf elementalist!!
The deep elf elementalist looks as sick as possible!
Your headbutt misses the deep elf elementalist.
Your mature oxbat beast hits the deep elf annihilator.
Your mature oxbat beast tramples the deep elf annihilator.
The deep elf annihilator holds its ground!
The deep elf master archer shoots an arrow.
The arrow hits Ayize!!
Ayize is destroyed!
The deep elf annihilator casts a spell at you.
The iron shot hits you!!
* * * LOW HITPOINT WARNING * * *
You hear a shout! 😨 HP[-34]
You take 34 damage, and now have 57/216 hp.
You slash the deep elf elementalist!
You kill the deep elf elementalist!
Your mature oxbat beast hits the deep elf annihilator!!
Your mature oxbat beast barely misses the deep elf annihilator.
A deep elf demonologist comes into view.
It is wielding the +7 great sword "Acimes" {spect, *Slow rElec rN+ Int+4}.
Something hits the deep elf annihilator.
The deep elf annihilator hits your mature oxbat beast with a +0 short sword of speed.
You now have 218 max hp (+2).
A deep elf elementalist comes into view.
It is wielding a +0 rapier.
The deep elf elementalist shouts!
You hear a shout!
Your mature oxbat beast hits the deep elf annihilator!
Your mature oxbat beast closely misses the deep elf annihilator.
The deep elf annihilator gestures at you while chanting.
The bolt of lightning hits you! You resist.
* * * LOW HITPOINT WARNING * * *
The deep elf elementalist mumbles some strange words.
The deep elf elementalist seems to speed up.
A deep elf demonologist comes into view.
It is wielding a +0 long sword.
The deep elf annihilator gestures at your mature oxbat beast while chanting.
The bolt of lightning hits your mature oxbat beast!!!
The bolt of lightning hits you! You resist.
* * * LOW HITPOINT WARNING * * *
The bolt of lightning misses you. 😱 HP[-18]
You take 18 damage, and now have 39/218 hp.
Your surroundings seem slightly different.
The deep elf master archer seems less confused.
Your mature oxbat beast hits the deep elf annihilator.
Your mature oxbat beast tramples the deep elf annihilator!
The deep elf annihilator stumbles backwards!
The deep elf annihilator dies!
A deep elf annihilator comes into view. It is wielding a +0 dagger. 😱 HP[+1]
You now have 219 max hp (+1).
As you read the scroll of fear, it crumbles to dust.
You assume a fearsome visage.
The deep elf annihilator resists with almost no effort.
The deep elf master archer easily resists.
The deep elf annihilator resists with almost no effort.
The deep elf master archer resists with some effort.
The deep elf annihilator gestures at you while chanting.
The bolt of lightning misses you.
The deep elf master archer wields a +0 longbow.
The deep elf master archer shoots an arrow.
You reflect the arrow off your +2 kite shield of reflection!
The arrow hits the deep elf master archer!
Your mature oxbat beast hits the deep elf annihilator!
Your mature oxbat beast tramples the deep elf annihilator!
The deep elf annihilator holds its ground! 😱 HP[+1]
As you read the scroll of fog, it crumbles to dust.
The scroll dissolves into smoke.
Your mature oxbat beast hits the deep elf annihilator.
Your mature oxbat beast tramples the deep elf annihilator.
The deep elf annihilator holds its ground!
The deep elf master archer shoots an arrow.
The arrow hits you!!
* * * LOW HITPOINT WARNING * * *
The deep elf annihilator hits your mature oxbat beast but does no damage.
The deep elf master archer shoots an arrow.
The arrow completely misses you.
The deep elf annihilator gestures wildly while chanting.
The deep elf annihilator blinks!
Your mature oxbat beast hits the deep elf annihilator!!
Your mature oxbat beast tramples the deep elf annihilator!
The deep elf annihilator holds its ground! 😱 HP[-21]
You take 21 damage, and now have 20/219 hp.
Your mature oxbat beast hits the deep elf annihilator!
The deep elf annihilator dies!
The deep elf master archer shoots an arrow.
You reflect the arrow off your +2 kite shield of reflection!
The arrow hits the deep elf master archer!!!
The deep elf master archer shoots an arrow.
The arrow hits you!!
You die...

Skill      XL: |  1  2  3  4  5  6  7  8  9 10 11 12 13 14 15 16 17 18 19 20 21 22 23 |
---------------+----------------------------------------------------------------------+-----
Long Blades    | 3 4 5 7 8 9 11 14 16 19 20 | 20.6
Armour         | 8 12 14 16 18 20 21 22 23 24 25 | 25.0
Fighting       | 7 11 12 14 16 18 20 21 22 23 25 27 | 27.0
Shields        | 7 15 17 19 21 | 21.6
Evocations     | 3 7 8 |  8.7
Bows           | 6 8 |  8.0
Invocations    | 2 7 9 |  9.4
Dodging        | 9 10 | 10.2
Slings         | 6 9 11 | 11.7
Axes           | 5 |  5.4

Action                   |  1- 3 |  4- 6 |  7- 9 | 10-12 | 13-15 | 16-18 | 19-21 | 22-24 || total
-------------------------+-------+-------+-------+-------+-------+-------+-------+-------++-------
Melee: Long sword        |    62 |     3 |       |       |       |       |       |       ||    65
       Headbutt          |     7 |    19 |    58 |   142 |   323 |   424 |   602 |   427 ||  2002
       Falchion          |       |    89 |   277 |   638 |   984 |  1227 |  1713 |  1284 ||  6212
       Hand axe          |       |       |       |       |    62 |   209 |       |       ||   271
 Fire: Longbow           |       |       |       |       |       |     2 |       |       ||     2
       Hunting sling     |       |       |       |       |       |       |       |    50 ||    50
Throw: Dart              |       |     3 |     3 |       |     7 |     4 |       |       ||    17
Invok: Ancestor Life: He |       |       |       |     1 |       |       |       |       ||     1
       Recall Ancestor   |       |       |       |     2 |       |     2 |       |       ||     4
 Abil: Evoke Blink       |       |       |       |       |     1 |       |       |       ||     1
Evoke: Wand              |       |       |       |    13 |     3 |    18 |    11 |    10 ||    55
       Tin of tremorston |       |       |       |     2 |       |       |       |       ||     2
       Box of beasts     |       |       |       |       |       |       |       |     1 ||     1
  Use: Potion            |     1 |       |       |     4 |     3 |     1 |     1 |     4 ||    14
       Scroll            |       |       |       |    13 |    14 |     4 |     9 |     7 ||    47
 Stab: Distracted        |       |       |     1 |     5 |    13 |    14 |     9 |     9 ||    51
       Confused          |       |       |       |     4 |     3 |    13 |    48 |    31 ||    99
       Paralysed         |       |       |       |       |    13 |    71 |    73 |    15 ||   172
Armor: Scale mail        |    24 |     2 |       |       |       |       |       |       ||    26
       Chain mail        |       |    47 |     9 |       |       |       |       |       ||    56
       Plate armour      |       |       |   121 |     8 |       |       |       |       ||   129
       Crystal plate arm |       |       |       |   452 |   775 |  1019 |   738 |   501 ||  3485
       Skin              |       |       |       |     2 |       |       |       |       ||     2
Dodge: Dodged            |    31 |    23 |    69 |    96 |   194 |   403 |   348 |   270 ||  1434
Block: Buckler           |    19 |    18 |    26 |   100 |   194 |   263 |     4 |       ||   624
       Kite shield       |       |       |       |       |       |    74 |   874 |   679 ||  1627
       Tower shield      |       |       |       |       |       |    38 |       |       ||    38
       Reflection        |       |       |       |       |       |       |    59 |    27 ||    86

Levels and vault maps discovered:
D:1:      onia_arrival_mini_maze_b, layout_basic,
          shapermc_ecumenical_altar_ellora
D:2:      layout_loops_corners, uniq_terence
D:3:      layout_rooms, kennysheep_flooded_box, uniq_grinder
D:4:      layout_rooms, nemelex_altar_shiori, minmay_bent, uniq_robin
D:5:      layout_basic
D:6:      layout_loops_cross, minmay_temple_entry_drinking_statues,
          corexii_hall_statues_l
D:7:      kennysheep_spiral_hall, layout_basic, minmay_misc_feat_rows,
          minmay_statues_item, uniq_maggie, uniq_pikel
D:8:      layout_basic, lair_entry_dummy, enter_bailey_2
D:9:      layout_roguey, minmay_diamond_spiral
D:10:     layout_irregular_city, orc_0_dummy, gammafunk_ghost_spectres,
          nicolae_inconvenience_store, small_chamber_with_monster,
          kennysheep_generic_room_14, uniq_gastronok
D:11:     layout_cave_pools, minmay_protected_statue
D:12:     wander_kiku_kobolds, layout_grid_maze
D:13:     layout_loops_ring, david_vaults_1, serial_shops, bzr_entry_lakeside,
          nicolae_hepliaklqana_monster_ancestors
D:14:     layout_loops_ring, grunt_decor_mini_mirrors, serial_glass,
          glass_columns_c, glass_columns_c, glass_columns_a, glass_columns_a,
          elyvilon_altar_4
D:15:     grunt_enter_depths_magical_seal, layout_basic,
          chequers_serial_rivers_small_b, muffindrake_ghost_dual_entry
Temple:   compressed_dpeg_triangle_lava_temple
Lair:1:   layout_cave_pods, evilmike_ambush [evilmike_ambush_outer_basic,
          evilmike_ambush_inner_wall_2]
Lair:2:   layout_cave_shapes, minmay_swamp_entry_reptiles,
          minmay_snake_entry_guardpost_small, ebering_ghost_xom,
          grunt_megastairs_4, infiniplex_staircase_pool_2
Lair:3:   layout_roguey
Lair:4:   layout_cave_pods, special_room [special_room_mythical_zoo],
          grunt_megastairs_1, infiniplex_staircase_pool, uniq_sonja
Lair:5:   layout_hall_layers
Lair:6:   due_jungle_book, layout_gridlike, dpeg_slime_entry_enclosed_altar,
          minivault_26, uniq_nessos
Swamp:1:  nicolae_swamp_secret_spriggan_hideout, layout_basic_swamp,
          evilmike_swamp_ruin_house_5, swamp_pool2
Swamp:2:  layout_basic_swamp, nicolae_swamp_tree_designs
Swamp:3:  layout_falls_marsh, portal_ice_cave_entry_pillars_1,
          nicolae_swamp_ascending_descending_big
Swamp:4:  swamp_icy, layout_basic_swamp, swamp_pool3
Snake:1:  layout_layer_cave, serial_shops, shop, basic_altar, uniq_louise,
          uniq_roxanne, uniq_aizul
Snake:2:  layout_onion, grunt_megastairs_3, uniq_frances, uniq_saint_roka,
          uniq_donald
Snake:3:  layout_cave_pods, nrook_guardian_serpent_double, uniq_nikola,
          uniq_vashnia
Snake:4:  snake_pit, layout_layer_cave, serial_shops, nicolae_shop_stone,
          lemuel_fruit_tree, minmay_shop_grove
Slime:1:  layout_caves, cheibrodos_slime_lost_civilization_7
Slime:2:  layout_caves
Slime:3:  layout_caves
Slime:4:  layout_caves, nicolae_slime_round_cave
Slime:5
Orc:1:    layout_caves, serial_shops, nicolae_shop_hallway_stairs, uniq_erolcha
Orc:2:    pf_orc_diabolical, layout_diamond_mine
Elf:1:    elf_arrival_002, layout_geoelf_octagon, hangedman_elf_represent
Elf:2:    nicolae_elf_blades_crystal_corner, layout_geoelf_grid
Elf:3:    minmay_elf_hall_hex, layout_geoelf_castle, corexii_leaking_fountain,
          minivault_11
Vaults:1: grunt_vaults_focal, nicolae_vaults_border_crossing, v_misc_23,
          v_misc_33, v_pattern_1, v_misc_32, v_misc_27,
          nicolae_vaults_what_the_h, v_misc_13, v_misc_19, layout_vaults_ring
Vaults:2: v_misc_5, vaults_dpeg_cross, v_misc_19, v_pattern_3,
          ontoclasm_vaults_spin, vaults_dpeg_encased_lava, door_vault,
          ontoclasm_vaults_eye, minmay_crypt_entry_nasty_monster,
          ontoclasm_vaults_chip, nicolae_vaults_theta,
          layout_vaults_chaotic_city, uniq_boris
Vaults:3: v_misc_1, nicolae_vaults_rhombus_7, ontoclasm_vaults_ring_large,
          nicolae_vaults_circle_grid_a, v_rooms_6, hangedman_vaults_slice,
          v_misc_29, nicolae_vaults_hallways_thing, nicolae_vaults_alarming,
          nicolae_vaults_little_squares_1, layout_vaults_omnigrid, serial_shops,
          nicolae_shop_bloodbath_and_beyond, uniq_margery, uniq_asterion
Vaults:4: nicolae_vaults_little_squares_4, v_rooms_6, st_spiral_rooms,
          v_rooms_4, v_alt_pattern_2, nicolae_vaults_little_squares_1, v_misc_2,
          ontoclasm_vaults_idyll, vaults_room_corners, v_misc_16,
          hangedman_vaults_trim, nicolae_vaults_ring_of_whatevers,
          layout_vaults_omnicross
Vaults:5: uniq_mennas
Crypt:1:  layout_misc_corridors, grunt_crypt_arrival_split,
          lemuel_upstairs_altar
Crypt:2:  layout_misc_corridors, weyrava_lich_vault
Crypt:3:  grunt_crypt_end_deaths_head
Tomb:1
Depths:1: layout_basic, enter_ziggurat_d, hell_entry,
          nicolae_dithmenos_through_a_glass_darkly,
          lemuel_zombie_altar_yredelemnul, grunt_megastairs_2
Depths:2: minmay_the_grid_octo_triangle [minmay_the_grid_octo_chip,
          minmay_the_grid_octo_prize_single_spiral,
          minmay_the_grid_octo_clover], layout_cave_pools, pan_entry,
          grunt_metal_band
Depths:3: evilmike_diamond_2, layout_cave_pools, hangedman_tar_grid_catacomb,
          abyss_entry, serial_bayou_lagoon_a, serial_co_window_serial,
          co_window_paths_b, co_window_paths_a, co_window_paths_a,
          co_window_corner_a, co_window_paths_a, co_window_of_opportunity_b,
          co_window_corner_ca, co_window_2corner, co_window_corner_b,
          co_window_of_opportunity_b, co_window_4corner_b, co_window_paths_d,
          glass_columns_c, pan_entry

Notes
Turn   | Place    | Note
-------+----------+-------------------------------------------
     0 | D:1      | Faeu the Minotaur Fighter began the quest for the Orb.
     0 | D:1      | Reached XP level 1. HP: 19/19 MP: 0/0
     0 | D:1      | magus.rc [v1.9.6]
    33 | D:1      | Reached skill level 3 in Long Blades
    37 | D:1      | Reached XP level 2. HP: 8/26 MP: 1/1
   415 | D:1      | Reached skill level 4 in Long Blades
   542 | D:1      | Found a faded altar of an unknown god.
   616 | D:1      | Reached XP level 3. HP: 31/31 MP: 2/2
  1083 | D:2      | Noticed Terence
  1141 | D:2      | Killed Terence
  1142 | D:2      | Reached skill level 5 in Long Blades
  1157 | D:2      | Reached XP level 4. HP: 13/39 MP: 3/3
  1374 | D:2      | You add the spells Ignite Poison, Mephitic Cloud and
                  | Freezing Cloud to your library.
  2057 | D:2      | Reached skill level 6 in Long Blades
  2250 | D:3      | Noticed a sky beast
  2276 | D:3      | Killed a sky beast
  2277 | D:3      | Reached skill level 7 in Long Blades
  2277 | D:3      | Reached XP level 5. HP: 41/45 MP: 4/4
  2380 | D:3      | Noticed Grinder
  2394 | D:3      | Paralysed by Grinder for 6 turns
  2400 | D:3      | Killed Grinder
  2401 | D:3      | Reached skill level 8 in Long Blades
  2401 | D:3      | Reached XP level 6. HP: 36/51 MP: 5/5
  2656 | D:4      | Noticed Robin
  2670 | D:4      | Killed Robin
  2731 | D:4      | Reached skill level 9 in Long Blades
  2734 | D:4      | Reached XP level 7. HP: 47/57 MP: 6/6
  2818 | D:4      | Found a sparkling altar of Nemelex Xobeh.
  2891 | D:4      | Reached skill level 10 in Long Blades
  3212 | D:5      | Entered Level 5 of the Dungeon
  3266 | D:5      | Reached skill level 11 in Long Blades
  3352 | D:5      | Reached XP level 8. HP: 64/64 MP: 7/7
  3883 | D:5      | Reached skill level 12 in Long Blades
  4349 | D:6      | Found a staircase to the Ecumenical Temple.
  4361 | Temple   | Entered the Ecumenical Temple
  4428 | Temple   | Became a worshipper of Hepliaklqana the Forgotten
  4448 | D:6      | You pick up a book of Party Tricks and begin reading...
  4448 | D:6      | You add the spells Apportation and Alistair's Intoxication
                  | to your library.
  4913 | D:7      | Reached skill level 13 in Long Blades
  5168 | D:7      | Reached * piety under Hepliaklqana
  5246 | D:7      | Noticed Maggie
  5260 | D:7      | Killed Maggie
  5261 | D:7      | Reached skill level 14 in Long Blades
  5261 | D:7      | Reached XP level 9. HP: 46/63 MP: 8/8
  5332 | D:7      | Noticed Pikel
  5352 | D:7      | Killed Pikel
  5353 | D:7      | Reached skill level 15 in Long Blades
  5499 | D:7      | You pick up a book of Flames and begin reading...
  5499 | D:7      | You add the spells Foxfire, Conjure Flame, Inner Flame and
                  | Flame Wave to your library.
  5837 | D:8      | Reached skill level 16 in Long Blades
  5843 | D:8      | Found a flagged portal.
  5854 | Bailey   | Entered a bailey
  6147 | Bailey   | Noticed a gargoyle
  6155 | Bailey   | Killed a gargoyle
  6156 | Bailey   | Reached XP level 10. HP: 21/69 MP: 9/9
  6213 | Bailey   | Found the +8 orange crystal plate armour {Archmagi, Int+3
                  | Clar}
  6223 | Bailey   | Reached skill level 17 in Long Blades
  6232 | Bailey   | HP: 12/69 [vampire/+2 vampiric glaive (10)]
  6233 | Bailey   | HP: 4/69 [vampire/+2 vampiric glaive (8)]
  6353 | Bailey   | M - the +8 orange crystal plate armour {Archmagi, Int+3
                  | Clar, rare=g}
  6364 | Bailey   | You finish putting on the +8 orange crystal plate armour
                  | {Archmagi, Int+3 Clar, rare=g}.
  6397 | Bailey   | Identified the amulet of Fuklusui {Spirit +Blink}
  6769 | D:8      | Found a staircase to the Lair.
  7130 | D:8      | Reached ** piety under Hepliaklqana
  7131 | D:8      | Remembered your ancestor Ayize as a hexer
  7658 | D:9      | Reached skill level 18 in Long Blades
  7837 | D:9      | Noticed a cyan ugly thing
  7847 | D:9      | Killed a cyan ugly thing
  7878 | D:9      | Noticed a six-headed hydra
  7882 | D:9      | Noticed a skeletal warrior
  7886 | D:9      | Killed an 11-headed hydra
  7887 | D:9      | Reached skill level 19 in Long Blades
  7895 | D:9      | HP: 13/69 [skeletal warrior/+0 trident (6)]
  7897 | D:9      | the +8 orange crystal plate armour {Archmagi, Int+3 Clar,
                  | rare=g} melds into your body.
  7905 | D:9      | Killed a skeletal warrior
  7942 | D:9      | the +8 orange crystal plate armour {Archmagi, Int+3 Clar,
                  | rare=g} unmelds from your body.
  8310 | D:10     | Entered Level 10 of the Dungeon
  8352 | D:10     | Found a staircase to the Orcish Mines.
  8604 | D:10     | Found Hipraosch's Antique Armour Boutique.
  8605 | D:10     | Gastronok the Ponderous comes into view. He is wearing the
                  | +3 hat of Pondering {ponderous, Will+ MP+10 Int+5}.
  8605 | D:10     | Noticed Gastronok
  8847 | D:10     | Noticed a deep elf pyromancer
  8855 | D:10     | Killed a deep elf pyromancer
  8856 | D:10     | Reached XP level 11. HP: 48/73 MP: 10/10
  9140 | D:10     | Noticed a five-headed hydra
  9147 | D:10     | Killed an eight-headed hydra
  9148 | D:10     | Reached skill level 20 in Long Blades
  9194 | D:10     | Reached *** piety under Hepliaklqana
  9203 | D:10     | Found a runed translucent gate.
  9203 | D:10     | Found a runed translucent gate.
  9205 | D:10     | Found a runed translucent gate.
  9207 | D:10     | Noticed Peloso's ghost (novice MiFi)
  9501 | D:10     | Killed Gastronok
  9928 | D:11     | Noticed a two-headed ogre
  9933 | D:10     | Killed a two-headed ogre
  9934 | D:10     | Reached skill level 4 in Armour
 10047 | D:10     | Reached skill level 5 in Armour
 10358 | D:10     | You add the spells Agony, Statue Form and Haunt to your
                  | library.
 10358 | D:10     | Got the Grimoire of Ashen Evil
 10451 | D:10     | Bought a pair of glowing gloves for 195 gold pieces
 10636 | D:11     | Reached skill level 6 in Armour
 10881 | D:11     | Reached skill level 4 in Fighting
 10971 | D:11     | Noticed a red ugly thing
 11275 | D:12     | Noticed a red ugly thing
 11282 | D:12     | Killed a red ugly thing
 11283 | D:12     | Reached skill level 5 in Fighting
 11283 | D:12     | Reached skill level 7 in Armour
 11542 | D:12     | Noticed a red ugly thing
 11550 | D:12     | Killed a red ugly thing
 11632 | D:12     | Noticed a death knight
 11632 | D:12     | Noticed a centaur warrior
 11671 | D:12     | Killed a centaur warrior
 11672 | D:12     | Reached skill level 6 in Fighting
 11677 | D:12     | Noticed a two-headed ogre
 11683 | D:12     | Killed a two-headed ogre
 11684 | D:12     | Reached skill level 8 in Armour
 11964 | D:12     | Reached skill level 7 in Fighting
 11964 | D:12     | Reached XP level 12. HP: 90/90 MP: 11/11
 12174 | D:12     | Reached skill level 9 in Armour
 12353 | D:12     | Reached skill level 8 in Fighting
 12441 | D:12     | Found an ancient bone altar of Kikubaaqudgha.
 13057 | D:11     | Reached skill level 10 in Armour
 13140 | D:11     | Reached skill level 9 in Fighting
 14152 | D:11     | You pick up a book of Party Tricks and begin reading...
 14698 | Orc:1    | Entered Level 1 of the Orcish Mines
 14813 | Orc:1    | Reached **** piety under Hepliaklqana
 14873 | Orc:2    | Entered Level 2 of the Orcish Mines
 14885 | Orc:2    | Reached skill level 10 in Fighting
 14944 | Orc:2    | Found a staircase to the Elven Halls.
 14966 | Orc:2    | Reached skill level 11 in Armour
 15006 | Orc:2    | Noticed an orc high priest
 15025 | Orc:2    | Killed an orc high priest
 15182 | Orc:2    | Noticed an orc high priest
 15197 | Orc:2    | Killed an orc high priest
 15430 | Orc:2    | Found Ebbuoguk's Magic Scroll Shop.
 15432 | Orc:2    | Found Iheeckiph's General Store.
 15461 | Orc:2    | Reached skill level 11 in Fighting
 15772 | Orc:2    | Reached skill level 12 in Armour
 16253 | Elf:1    | Entered Level 1 of the Elven Halls
 16272 | Orc:1    | Found Etig's Antique Armour Shoppe.
 16443 | Orc:1    | Reached XP level 13. HP: 104/104 MP: 12/12
 16934 | Orc:2    | Reached skill level 4 in Shields
 17124 | Orc:2    | Reached skill level 5 in Shields
 17189 | Orc:2    | Paralysed by an orc sorcerer for 6 turns
 17204 | Orc:2    | Reached skill level 13 in Armour
 17204 | Orc:2    | Reached skill level 6 in Shields
 17208 | Orc:2    | HP: 15/104 [red devil/+0 trident[an orc sorcerer] (12)]
 17228 | Orc:2    | HP: 24/104 [orc/+0 falchion (1)]
 17233 | Orc:2    | HP: 18/104 [orc warrior/+0 scimitar (7)]
 18324 | Orc:2    | Reached skill level 7 in Shields
 18396 | Orc:2    | Found Ceolus's Antique Armour Shoppe.
 18396 | Orc:2    | Found Nejit's Jewellery Emporium.
 18396 | Orc:2    | Found a one-way gate leading to the halls of Pandemonium.
 18416 | Orc:2    | magus.rc [v1.9.6]
 18416 | Orc:2    | Bought an embroidered cloak for 232 gold pieces
 18512 | Orc:1    | Bought a pair of embroidered gloves for 180 gold pieces
 18889 | Lair:1   | Entered Level 1 of the Lair of Beasts
 19200 | Lair:1   | Reached skill level 1 in Evocations
 19809 | Lair:2   | Reached ***** piety under Hepliaklqana
 19888 | Lair:2   | Reached skill level 14 in Armour
 19936 | Lair:2   | Reached skill level 2 in Evocations
 20036 | Lair:2   | Found a staircase to the Swamp.
 20115 | Lair:2   | Reached skill level 12 in Fighting
 20347 | Lair:2   | Found a staircase to the Snake Pit.
 20351 | Lair:2   | Reached skill level 3 in Evocations
 20742 | Lair:2   | Found a runed translucent door.
 20742 | Lair:2   | Found a shimmering altar of Xom.
 20742 | Lair:2   | Noticed Elebi's ghost (journeyman DrTm)
 21170 | Lair:3   | magus.rc [v1.9.6]
 21442 | Lair:3   | Reached XP level 14. HP: 114/114 MP: 13/13
 21473 | Lair:3   | Reached skill level 4 in Evocations
 21526 | Lair:3   | Identified the +10 falchion "Meaggudgh" {venom, rC- rCorr
                  | Str+8 Stlth+}
 21560 | Lair:3   | You pick up a book of Unlife and begin reading...
 21560 | Lair:3   | You add the spells Animate Dead, Borgnjor's Vile Clutch and
                  | Death Channel to your library.
 21992 | Lair:4   | Reached skill level 15 in Armour
 22030 | Lair:4   | Reached skill level 13 in Fighting
 22051 | Lair:4   | Reached skill level 5 in Evocations
 22476 | Lair:4   | Noticed Sonja
 22479 | Lair:4   | Killed Sonja
 22970 | Lair:4   | You pick up a book of Spatial Translocations and begin
                  | reading...
 22970 | Lair:4   | You add the spells Blink, Lesser Beckoning and Manifold
                  | Assault to your library.
 23461 | Lair:5   | Reached skill level 6 in Evocations
 23916 | Lair:5   | Reached skill level 14 in Fighting
 24316 | Lair:6   | Entered Level 6 of the Lair of Beasts
 24358 | Lair:6   | Reached skill level 16 in Armour
 24583 | Lair:6   | Reached skill level 7 in Evocations
 24868 | Lair:6   | Reached ****** piety under Hepliaklqana
 24982 | Lair:6   | Reached XP level 15. HP: 117/125 MP: 14/14
 25258 | Lair:6   | Noticed Nessos
 25269 | Lair:6   | Noticed Nessos
 25269 | Lair:6   | Nessos changed into Nessos the floating eye
 25271 | Lair:6   | Killed Nessos the floating eye
 25437 | Lair:6   | Reached skill level 15 in Fighting
 25547 | Lair:6   | Identified the ring of the Present {Fly rC+ Int+3}
 25622 | Lair:6   | You add the spells Ensorcelled Hibernation and Summon Ice
                  | Beast to your library.
 25622 | Lair:6   | Got the Papyrus of Ashen Ice
 25792 | Lair:6   | Reached skill level 17 in Armour
 25876 | Lair:6   | Reached skill level 1 in Bows
 25932 | Lair:6   | Reached skill level 2 in Bows
 26294 | Lair:6   | Reached skill level 3 in Bows
 26502 | Lair:6   | Found a viscous altar of Jiyva.
 26502 | Lair:6   | Found a staircase to the Slime Pits.
 26508 | Slime:1  | Entered Level 1 of the Pits of Slime
 26520 | Slime:1  | Noticed an acid blob
 26602 | Slime:1  | Gained mutation: You tend to lose your temper in combat. [a
                  | shining eye]
 26605 | Lair:6   | Gained mutation: Your spells are a little easier to cast,
                  | but a little less powerful. [a shining eye]
 26618 | Lair:6   | Gained mutation: Armour fits poorly on your strangely
                  | shaped body. [a shining eye]
 26758 | Slime:1  | Killed an acid blob
 26759 | Slime:1  | Reached skill level 4 in Bows
 26873 | Slime:1  | Noticed an azure jelly
 26879 | Slime:1  | Killed an azure jelly
 26935 | Slime:1  | Noticed an acid blob
 26952 | Slime:1  | Killed an acid blob
 26953 | Slime:1  | Reached skill level 16 in Fighting
 27387 | Slime:2  | Reached skill level 5 in Bows
 27442 | Slime:2  | Gained mutation: Your muscles are strong. (Str +2) [a
                  | shining eye]
 27638 | Slime:3  | Noticed a rockslime
 27638 | Slime:3  | Noticed an acid blob
 27651 | Slime:2  | Killed a rockslime
 28289 | Slime:3  | Noticed a rockslime
 28298 | Slime:3  | Killed a rockslime
 28299 | Slime:3  | Reached skill level 18 in Armour
 28544 | Slime:4  | Reached skill level 6 in Bows
 28926 | Slime:4  | Noticed a rockslime
 29365 | Slime:3  | Killed an acid blob
 29366 | Slime:3  | Reached XP level 16. HP: 100/136 MP: 15/15
 29394 | Slime:5  | Entered Level 5 of the Pits of Slime
 29633 | Slime:2  | Noticed an acid blob
 29638 | Slime:3  | Killed an acid blob
 29641 | Slime:3  | Paralysed by a great orb of eyes for 5 turns
 29648 | Slime:3  | Reached skill level 7 in Bows
 30037 | Swamp:1  | Entered Level 1 of the Swamp
 30338 | Snake:1  | Entered Level 1 of the Snake Pit
 30338 | Snake:1  | Found Vefatroo's Armour Boutique.
 30757 | Orc:2    | Bought a ring of poison resistance for 360 gold pieces
 31243 | Snake:1  | Reached skill level 17 in Fighting
 31525 | Snake:1  | Identified Roxanne's Tome of Transmigration
 31525 | Snake:1  | Noticed Roxanne
 31915 | Snake:1  | Noticed Aizul
 31927 | Snake:1  | Killed Aizul
 32037 | Snake:1  | Noticed Louise
 32058 | Snake:1  | Killed Louise
 32187 | Snake:1  | Found an iron altar of Okawaru.
 32994 | Snake:2  | Noticed Frances
 33740 | Snake:2  | Reached skill level 8 in Bows
 33796 | Snake:2  | HP: 34/139 [smoke demon/ball of steam[Frances] (8)]
 33798 | Snake:2  | Killed Frances
 34174 | Snake:2  | Noticed Donald
 34186 | Snake:2  | Killed Donald
 34187 | Snake:2  | Reached skill level 19 in Armour
 34483 | Snake:2  | Identified the +0 leather armour of Zaed {Harm rElec}
 35107 | Snake:2  | Noticed Saint Roka
 35130 | Snake:2  | Killed Saint Roka
 36010 | Snake:3  | Reached skill level 18 in Fighting
 36766 | Snake:3  | Noticed Vashnia
 37113 | Snake:3  | Killed Vashnia
 37474 | Snake:3  | Reached skill level 1 in Invocations
 37702 | Snake:3  | Noticed Nikola
 40285 | Swamp:1  | You pick up a book of Vapours and begin reading...
 40285 | Swamp:1  | You add the spells Poisonous Vapours and Corpse Rot to your
                  | library.
 40481 | Swamp:1  | Reached skill level 2 in Invocations
 40488 | Swamp:1  | Reached skill level 20 in Armour
 41131 | Swamp:2  | You pick up a book of the Warp and begin reading...
 41131 | Swamp:2  | You add the spells Dispersal and Disjunction to your
                  | library.
 41441 | Swamp:2  | Reached XP level 17. HP: 142/149 MP: 18/18
 41503 | Swamp:2  | Reached skill level 3 in Invocations
 42735 | Swamp:3  | Reached skill level 19 in Fighting
 42735 | Swamp:3  | Reached skill level 4 in Invocations
 43698 | Swamp:3  | Reached skill level 5 in Invocations
 44005 | Swamp:3  | You pick up a book of Decay and begin reading...
 44195 | Swamp:4  | Entered Level 4 of the Swamp
 46074 | Swamp:4  | Reached skill level 6 in Invocations
 46877 | Swamp:4  | Identified the +7 hand axe "Murmur" {speed, Str+5}
 46882 | Swamp:4  | Reached skill level 21 in Armour
 47698 | Swamp:4  | You pick up a book of Unlife and begin reading...
 48519 | Snake:1  | Bought the +2 pair of boots of Tet Ban {rElec Str+7} for
                  | 691 gold pieces
 49628 | Snake:3  | Killed Nikola
 49629 | Snake:3  | Reached skill level 7 in Invocations
 49646 | Snake:3  | HP: 38/153 [poisoned by a naga sharpshooter (splash of
                  | poison)]
 50078 | Snake:4  | Entered Level 4 of the Snake Pit
 50107 | Snake:4  | Reached skill level 20 in Fighting
 51952 | Snake:4  | Reached XP level 18. HP: 157/160 MP: 22/22
 52287 | Snake:4  | Reached skill level 8 in Invocations
 53451 | Snake:4  | Found Vennag's Book Shop.
 53928 | Snake:4  | Reached skill level 22 in Armour
 54006 | Snake:4  | Reached skill level 9 in Invocations
 54338 | Snake:4  | Found Bonapsar's Jewellery Shop.
 54340 | Snake:4  | Found Etseti's Book Shoppe.
 54341 | Snake:4  | Found Ihin's Jewellery Shop.
 54889 | Snake:4  | Got a serpentine rune of Zot
 56597 | D:13     | Reached skill level 21 in Fighting
 56687 | D:13     | Reached skill level 1 in Dodging
 56700 | D:13     | Reached skill level 2 in Dodging
 56936 | D:13     | Reached skill level 3 in Dodging
 57056 | D:13     | You pick up a book of Winter and begin reading...
 57056 | D:13     | You add the spells Ozocubu's Armour, Metabolic Englaciation
                  | and Simulacrum to your library.
 57160 | D:13     | Found a gate to the Vaults.
 57174 | D:13     | You pick up a book of Dreams and begin reading...
 57174 | D:13     | You add the spells Spider Form and Anguish to your library.
 57317 | D:13     | Found a hazy altar of Hepliaklqana.
 57436 | D:14     | Reached skill level 4 in Dodging
 57525 | D:14     | Reached skill level 5 in Dodging
 57859 | D:14     | Found a white marble altar of Elyvilon.
 57883 | D:14     | You pick up a book of Minor Magic and begin reading...
 57883 | D:14     | You add the spells Magic Dart and Call Imp to your library.
 58041 | D:15     | Entered Level 15 of the Dungeon
 58130 | D:15     | Reached skill level 6 in Dodging
 58397 | D:15     | Reached skill level 7 in Dodging
 58576 | D:15     | Found a runed translucent door.
 58584 | D:15     | Noticed a lich
 58586 | D:15     | Noticed Wuij Biv's ghost (adept MiFi)
 58590 | D:15     | Found a runed translucent door.
 58644 | D:15     | Reached skill level 8 in Dodging
 58785 | D:15     | Found a staircase to the Depths.
 58993 | D:15     | Identified the +6 long sword of Light {elec, rF- rC++ Int+8
                  | Dex-5}
 59066 | D:15     | Reached skill level 9 in Dodging
 59080 | D:15     | Reached XP level 19. HP: 170/170 MP: 25/25
 59116 | D:15     | You pick up a book of Dreams and begin reading...
 59149 | D:15     | Identified the +2 ring mail of Love and Death {+Blink +Inv
                  | rCorr Int-2}
 59566 | Vaults:1 | Entered Level 1 of the Vaults
 59622 | Vaults:1 | Reached skill level 10 in Dodging
 60426 | Vaults:1 | Reached skill level 8 in Shields
 60475 | Vaults:1 | HP: 37/170 [vault warden/+0 war axe (16)]
 60482 | Vaults:1 | Reached skill level 9 in Shields
 60482 | Vaults:1 | HP: 24/170 [slime creature (11)]
 61192 | Vaults:1 | Reached skill level 10 in Shields
 61525 | Vaults:1 | Reached skill level 11 in Shields
 61855 | Vaults:1 | Reached skill level 12 in Shields
 62454 | Vaults:2 | You pick up a book of Chaos and begin reading...
 62454 | Vaults:2 | You add the spells Conjure Ball Lightning and Discord to
                  | your library.
 62500 | Vaults:2 | Noticed Boris
 62511 | Vaults:2 | Killed Boris
 62817 | Vaults:2 | Reached skill level 13 in Shields
 63164 | Vaults:2 | You pick up a book of the Senses and begin reading...
 63164 | Vaults:2 | You add the spells Dazzling Flash and Silence to your
                  | library.
 63192 | Vaults:2 | Found a huge runed gate.
 63192 | Vaults:2 | Found a huge runed gate.
 63192 | Vaults:2 | Found a huge runed gate.
 63198 | Vaults:2 | Found a huge runed gate.
 63199 | Vaults:2 | Found a huge runed gate.
 63199 | Vaults:2 | Found a huge runed gate.
 63199 | Vaults:2 | Found a huge runed gate.
 63200 | Vaults:2 | Found a huge runed gate.
 63200 | Vaults:2 | Found a huge runed gate.
 63200 | Vaults:2 | Found a huge runed gate.
 63205 | Vaults:2 | Found a huge runed gate.
 63205 | Vaults:2 | Found a huge runed gate.
 63205 | Vaults:2 | Found a huge runed gate.
 63205 | Vaults:2 | Found a huge runed gate.
 63205 | Vaults:2 | Found a huge runed gate.
 63205 | Vaults:2 | Found a huge runed gate.
 63206 | Vaults:2 | Found a huge runed gate.
 63207 | Vaults:2 | Found a huge runed gate.
 63208 | Vaults:2 | Found a huge runed gate.
 63216 | Vaults:2 | Found a huge runed gate.
 63216 | Vaults:2 | Found a huge runed gate.
 63216 | Vaults:2 | Found a huge runed gate.
 63216 | Vaults:2 | Found a huge runed gate.
 63216 | Vaults:2 | Found a huge runed gate.
 63216 | Vaults:2 | Found a huge runed gate.
 63218 | Vaults:2 | Found a huge runed gate.
 63220 | Vaults:2 | Found a huge runed gate.
 63221 | Vaults:2 | Found a huge runed gate.
 63229 | Vaults:2 | Found a huge runed gate.
 63229 | Vaults:2 | Found a huge runed gate.
 63229 | Vaults:2 | Found a huge runed gate.
 63229 | Vaults:2 | Found a huge runed gate.
 63229 | Vaults:2 | Found a huge runed gate.
 63231 | Vaults:2 | Found a huge runed gate.
 63232 | Vaults:2 | Found a huge runed gate.
 63233 | Vaults:2 | Found a huge runed gate.
 63642 | Vaults:2 | Reached skill level 14 in Shields
 63801 | Vaults:2 | Reached skill level 15 in Shields
 64037 | Vaults:2 | Noticed a bone dragon
 64040 | Vaults:2 | Found a staircase to the Crypt.
 64060 | Vaults:2 | Killed a bone dragon
 64407 | Vaults:2 | Reached XP level 20. HP: 178/178 MP: 26/26
 64419 | Vaults:2 | Reached skill level 16 in Shields
 64900 | Vaults:2 | You pick up a book of the Sky and begin reading...
 64900 | Vaults:2 | You add the spells Summon Lightning Spire, Storm Form and
                  | Maxwell's Capacitive Coupling to your library.
 64958 | Crypt:1  | Entered Level 1 of the Crypt
 65155 | Crypt:1  | Reached skill level 17 in Shields
 66008 | Depths:1 | Entered Level 1 of the Depths
 66072 | Depths:1 | Found a gateway to Hell.
 66133 | Depths:1 | Found a shadowy altar of Dithmenos.
 66374 | Depths:1 | Found a one-way gateway to a ziggurat.
 66540 | Depths:1 | Identified the +8 hunting sling of Crusades {vorpal, rF+}
 66626 | Depths:1 | Found a basalt altar of Yredelemnul.
 66661 | Depths:1 | You pick up a book of Fire and begin reading...
 66661 | Depths:1 | You add the spells Fireball, Starburst and Ignition to your
                  | library.
 66721 | Depths:1 | Reached skill level 1 in Slings
 66746 | Depths:1 | Reached skill level 2 in Slings
 67146 | Depths:2 | Reached skill level 3 in Slings
 67199 | Depths:2 | You add the spells Shock and Animate Armour to your
                  | library.
 67199 | Depths:2 | Got Nuwn's Disquisition on Summoning and Lightness
 67201 | Depths:2 | Identified the +8 chain mail "Ybuyviw" {rC- Str+3 Dex+2}
 67239 | Depths:2 | Found the +6 Majin-Bo {vamp, MP+6 Int+6}
 67384 | Depths:2 | You pick up a book of Callings and begin reading...
 67384 | Depths:2 | You add the spells Summon Small Mammal, Call Canine
                  | Familiar and Summon Guardian Golem to your library.
 67431 | Depths:2 | Reached skill level 4 in Slings
 68087 | Depths:2 | Reached skill level 5 in Slings
 68709 | Depths:2 | Reached skill level 6 in Slings
 68709 | Depths:2 | Reached skill level 23 in Armour
 69631 | Vaults:3 | Reached skill level 22 in Fighting
 70259 | Vaults:3 | Reached XP level 21. HP: 183/183 MP: 27/27
 70262 | Vaults:3 | Reached skill level 7 in Slings
 70337 | Vaults:3 | Identified the +2 ring mail of Muttered Phrases {Str+3}
 70503 | Vaults:3 | Noticed Asterion
 70513 | Vaults:3 | Killed Asterion
 70909 | Vaults:3 | Reached skill level 8 in Slings
 71228 | Vaults:3 | Found Fyhossut's Weapon Shoppe.
 72405 | Vaults:4 | Reached skill level 9 in Slings
 72665 | Vaults:4 | You pick up a book of Changes and begin reading...
 72665 | Vaults:4 | You add the spells Beastly Appendage and Wereblood to your
                  | library.
 72681 | Vaults:4 | You pick up a book of Touch and begin reading...
 72681 | Vaults:4 | You add the spells Static Discharge and Sticky Flame to
                  | your library.
 72919 | Vaults:4 | Reached skill level 24 in Armour
 73487 | Vaults:4 | Reached skill level 23 in Fighting
 73616 | Vaults:5 | Entered Level 5 of the Vaults
 73616 | Vaults:5 | Noticed Mennas
 73641 | Vaults:4 | Reached skill level 8 in Evocations
 75406 | Vaults:4 | Killed Mennas
 75635 | Vaults:5 | Identified the +5 quarterstaff of the Final Decision
                  | {antimagic, rF+ rC+ Dex+4}
 75700 | Vaults:5 | Reached XP level 22. HP: 104/198 MP: 28/28
 75901 | Vaults:5 | You pick up a book of Sloth and begin reading...
 76114 | Vaults:5 | Noticed an ancient lich
 76132 | Vaults:5 | Killed an ancient lich
 76133 | Vaults:5 | Reached skill level 25 in Armour
 76238 | Vaults:5 | Noticed a golden dragon
 76248 | Vaults:5 | Killed a golden dragon
 76426 | Vaults:5 | Reached skill level 18 in Shields
 76549 | Vaults:5 | Identified the +7 long sword "Woanory" {protect, rF+}
 76627 | Vaults:5 | You pick up a book of Conjurations {@e2} and begin
                  | reading...
 76627 | Vaults:5 | You add the spells Searing Ray and Fulminant Prism to your
                  | library.
 76658 | Vaults:5 | Identified the +0 helmet "Datuklipp" {*Slow rCorr Str+4
                  | SInv}
 76661 | Vaults:5 | You pick up a book of Spectacle and begin reading...
 76729 | Vaults:5 | Noticed a dread lich
 77084 | Vaults:5 | Killed a dread lich
 77085 | Vaults:5 | Reached skill level 19 in Shields
 77564 | Vaults:5 | Identified the +1 mace "Osarhu" {freeze, Stlth+}
 77573 | Vaults:5 | Got a silver rune of Zot
 77711 | Vaults:5 | Could not pick up a +1 vorpal triple sword {longrare=g}
                  | here; ([A]lways) ignore it?
 77711 | Vaults:5 | Could not pick up a +1 vorpal triple sword {longrare=g}
                  | here; ([A]lways) ignore it?
 77711 | Vaults:5 | Could not pick up a +1 vorpal triple sword {longrare=g}
                  | here; ([A]lways) ignore it?
 77711 | Vaults:5 | Could not pick up a +1 vorpal triple sword {longrare=g}
                  | here; ([A]lways) ignore it?
 77711 | Vaults:5 | Could not pick up a +1 vorpal triple sword {longrare=g}
                  | here; ([A]lways) ignore it?
 77711 | Vaults:5 | Could not pick up a +1 vorpal triple sword {longrare=g}
                  | here; ([A]lways) ignore it?
 77711 | Vaults:5 | Could not pick up a +1 vorpal triple sword {longrare=g}
                  | here; ([A]lways) ignore it?
 77711 | Vaults:5 | Could not pick up a +1 vorpal triple sword {longrare=g}
                  | here; ([A]lways) ignore it?
 77711 | Vaults:5 | Could not pick up a +1 vorpal triple sword {longrare=g}
                  | here; ([A]lways) ignore it?
 77711 | Vaults:5 | Could not pick up a +1 vorpal triple sword {longrare=g}
                  | here; ([A]lways) ignore it?
 77711 | Vaults:5 | Could not pick up a +1 vorpal triple sword {longrare=g}
                  | here; ([A]lways) ignore it?
 77769 | Vaults:5 | Could not pick up a +1 vorpal triple sword {longrare=g}
                  | here; ([A]lways) ignore it?
 77769 | Vaults:5 | Could not pick up a +1 vorpal triple sword {longrare=g}
                  | here; ([A]lways) ignore it?
 77771 | Vaults:5 | Could not pick up a +1 vorpal triple sword {longrare=g}
                  | here; ([A]lways) ignore it?
 77771 | Vaults:5 | Could not pick up a +1 vorpal triple sword {longrare=g}
                  | here; ([A]lways) ignore it?
 77771 | Vaults:5 | Could not pick up a +1 vorpal triple sword {longrare=g}
                  | here; ([A]lways) ignore it?
 77771 | Vaults:5 | Could not pick up a +1 vorpal triple sword {longrare=g}
                  | here; ([A]lways) ignore it?
 77771 | Vaults:5 | Could not pick up a +1 vorpal triple sword {longrare=g}
                  | here; ([A]lways) ignore it?
 77894 | Vaults:5 | Could not pick up a +1 vorpal triple sword {longrare=g}
                  | here; ([A]lways) ignore it?
 77894 | Vaults:5 | Could not pick up a +1 vorpal triple sword {longrare=g}
                  | here; ([A]lways) ignore it?
 77894 | Vaults:5 | Could not pick up a +1 vorpal triple sword {longrare=g}
                  | here; ([A]lways) ignore it?
 78109 | Crypt:1  | Noticed a curse skull
 78120 | Crypt:1  | Killed a curse skull
 78296 | Crypt:1  | Reached skill level 24 in Fighting
 78512 | Crypt:1  | Identified the +1 ring mail "Viufamod" {SInv}
 78660 | Crypt:2  | Noticed a curse skull
 78671 | Crypt:2  | Killed a curse skull
 79384 | Crypt:2  | You pick up a book of Iron and begin reading...
 79384 | Crypt:2  | You add the spells Blade Hands and Iron Shot to your
                  | library.
 79449 | Crypt:2  | Reached skill level 25 in Fighting
 79825 | Crypt:3  | Entered Level 3 of the Crypt
 80108 | Crypt:3  | Found an ancient bone altar of Kikubaaqudgha.
 80157 | Crypt:3  | Noticed Boris
 80331 | Crypt:3  | Killed Boris
 80332 | Crypt:3  | Reached XP level 23. HP: 175/212 MP: 29/29
 80333 | Crypt:3  | a +2 vorpal executioner's axe {axerare=g}; a +2 robe of
                  | fire resistance
 80418 | Crypt:3  | a +2 vorpal executioner's axe {axerare=g}; a +2 robe of
                  | fire resistance
 80588 | Crypt:3  | Reached skill level 26 in Fighting
 81026 | Crypt:3  | You add the spells Animate Skeleton, Pain and Death's Door
                  | to your library.
 81026 | Crypt:3  | Got Kikubaaqudgha's Almanac of Evil
 81455 | Crypt:3  | Identified the +1 ring mail "Firucrug" {Will+}
 81555 | Crypt:3  | a +2 vorpal executioner's axe {axerare=g}; a +2 robe of
                  | fire resistance
 81555 | Crypt:3  | a +2 vorpal executioner's axe {axerare=g}; a +2 robe of
                  | fire resistance
 81555 | Crypt:3  | Could not pick up a +2 vorpal executioner's axe {axerare=g}
                  | here; ([A]lways) ignore it?
 81555 | Crypt:3  | Could not pick up a +2 vorpal executioner's axe {axerare=g}
                  | here; ([A]lways) ignore it?
 81555 | Crypt:3  | a +2 vorpal executioner's axe {axerare=g}; a +2 robe of
                  | fire resistance
 81555 | Crypt:3  | Could not pick up a +2 vorpal executioner's axe {axerare=g}
                  | here; ([A]lways) ignore it?
 81555 | Crypt:3  | a +2 vorpal executioner's axe {axerare=g}; a +2 robe of
                  | fire resistance
 81555 | Crypt:3  | Could not pick up a +2 vorpal executioner's axe {axerare=g}
                  | here; ([A]lways) ignore it?
 81654 | Crypt:3  | HP: 45/214 [torment (43)]
 81834 | Crypt:3  | Found a staircase to the Tomb.
 81834 | Crypt:3  | Noticed Khufu
 81848 | Crypt:3  | Killed Khufu
 81848 | Crypt:3  | HP: 31/214 [torment (28)]
 82043 | Crypt:3  | You pick up a book of Displacement and begin reading...
 82043 | Crypt:3  | You add the spells Gell's Gravitas and Teleport Other to
                  | your library.
 82107 | Crypt:3  | You add the spells Slow and Cause Fear to your library.
 82107 | Crypt:3  | Got the Disquisition on Captivating Intoxication
 82157 | Crypt:3  | a +2 vorpal executioner's axe {axerare=g}; a +2 robe of
                  | fire resistance
 82157 | Crypt:3  | a +2 vorpal executioner's axe {axerare=g}; a +2 robe of
                  | fire resistance
 82157 | Crypt:3  | Could not pick up a +2 vorpal executioner's axe {axerare=g}
                  | here; ([A]lways) ignore it?
 82157 | Crypt:3  | Could not pick up a +2 vorpal executioner's axe {axerare=g}
                  | here; ([A]lways) ignore it?
 82255 | Crypt:3  | a +2 vorpal executioner's axe {axerare=g}; a +2 robe of
                  | fire resistance
 82255 | Crypt:3  | Could not pick up a +2 vorpal executioner's axe {axerare=g}
                  | here; ([A]lways) ignore it?
 82255 | Crypt:3  | Could not pick up a +2 vorpal executioner's axe {axerare=g}
                  | here; ([A]lways) ignore it?
 82273 | Crypt:3  | Reached skill level 27 in Fighting
 82334 | Crypt:3  | a +2 vorpal executioner's axe {axerare=g}; a +2 robe of
                  | fire resistance
 82334 | Crypt:3  | Could not pick up a +2 vorpal executioner's axe {axerare=g}
                  | here; ([A]lways) ignore it?
 82334 | Crypt:3  | Could not pick up a +2 vorpal executioner's axe {axerare=g}
                  | here; ([A]lways) ignore it?
 82334 | Crypt:3  | a +2 vorpal executioner's axe {axerare=g}; a +2 robe of
                  | fire resistance
 82334 | Crypt:3  | Could not pick up a +2 vorpal executioner's axe {axerare=g}
                  | here; ([A]lways) ignore it?
 82334 | Crypt:3  | a +2 vorpal executioner's axe {axerare=g}; a +2 robe of
                  | fire resistance
 82334 | Crypt:3  | Could not pick up a +2 vorpal executioner's axe {axerare=g}
                  | here; ([A]lways) ignore it?
 82378 | Tomb:1   | Entered Level 1 of the Tomb of the Ancients
 83228 | Tomb:1   | Reached skill level 20 in Shields
 83288 | Tomb:1   | Noticed a royal mummy
 83524 | Tomb:1   | Killed a royal mummy
 83524 | Tomb:1   | HP: 51/214 [torment (49)]
 83525 | Tomb:1   | Reached skill level 10 in Slings
 84738 | Crypt:3  | a +2 robe of fire resistance; a +2 vorpal executioner's axe
                  | {axerare=g}
 85282 | Elf:1    | Gained mutation: You are clumsy. (Dex -2) [a cacodemon]
 85292 | Elf:1    | Gained mutation: Your magical capacity is low. (-10% MP) [a
                  | cacodemon]
 85935 | Elf:2    | Reached skill level 11 in Slings
 85977 | Elf:2    | Identified the ring of Qiody {*Corrode rElec rN+ Str+3
                  | Slay+2}
 86030 | Elf:2    | Found a runed translucent gate.
 86031 | Elf:2    | Found a runed translucent gate.
 86031 | Elf:2    | Found a runed translucent gate.
 86201 | Elf:2    | Reached skill level 21 in Shields
 86311 | Elf:2    | P - a +5 antimagic executioner's axe {axerare=g}
 86330 | Elf:2    | Reached skill level 1 in Axes
 86449 | Elf:2    | Reached skill level 2 in Axes
 86479 | Elf:2    | Could not pick up a +2 vampiric eveningstar {macerare=g}
                  | here; ([A]lways) ignore it?
 86479 | Elf:2    | Could not pick up a +2 vampiric eveningstar {macerare=g}
                  | here; ([A]lways) ignore it?
 86479 | Elf:2    | Could not pick up a +2 vampiric eveningstar {macerare=g}
                  | here; ([A]lways) ignore it?
 86479 | Elf:2    | Could not pick up a +2 vampiric eveningstar {macerare=g}
                  | here; ([A]lways) ignore it?
 86571 | Elf:2    | You pick up a book of Dreams and begin reading...
 86654 | Elf:2    | HP: 27/216 [deep elf knight/shard of ice (31)]
 86834 | Elf:2    | Reached skill level 3 in Axes
 87002 | Elf:2    | Could not pick up a +2 vampiric eveningstar {macerare=g}
                  | here; ([A]lways) ignore it?
 87002 | Elf:2    | Could not pick up a +2 vampiric eveningstar {macerare=g}
                  | here; ([A]lways) ignore it?
 87002 | Elf:2    | Could not pick up a +2 vampiric eveningstar {macerare=g}
                  | here; ([A]lways) ignore it?
 87002 | Elf:2    | Could not pick up a +2 vampiric eveningstar {macerare=g}
                  | here; ([A]lways) ignore it?
 87110 | Elf:3    | Entered Level 3 of the Elven Halls
 87332 | Elf:3    | Paralysed by an air elemental for 1 turns
 87520 | Elf:3    | Reached skill level 4 in Axes
 87996 | Elf:3    | Identified the +8 lajatang "Disminan" {flame, SInv}
 87996 | Elf:3    | Identified the ring of Kindness {Fly rElec rF+ rC+ rCorr}
 88003 | Elf:3    | Reached skill level 5 in Axes
 88011 | Elf:3    | Reached XP level 24. HP: 89/216 MP: 26/26
 88014 | Elf:3    | Identified the +7 great sword "Acimes" {spect, *Slow rElec
                  | rN+ Int+4}
 88015 | Elf:3    | HP: 49/218 [deep elf annihilator/bolt of lightning (10)]
 88018 | Elf:3    | HP: 20/219 [deep elf master archer/arrow (23)]
 88019 | Elf:3    | Shot with an arrow by a deep elf master archer

Vanquished Creatures
  Mennas (Vaults:4)
  A dread lich (Vaults:5)
  Khufu (Crypt:3)
  An ancient lich (Vaults:5)
  A royal mummy (Tomb:1)
  Boris (twice) (Vaults:2 Crypt:3)
  Vashnia (Snake:3)
  Saint Roka (Snake:2)
  Nikola (Snake:3)
  A profane servitor (Crypt:3)
  2 bone dragons
  A tentacled monstrosity (Vaults:5)
  5 liches
  A shard shrike skeleton (Crypt:3)
  A deep elf blademaster (Elf:2)
  5 titans
  A walking divine tome (Depths:2)
  Asterion (Vaults:3)
  4 acid blobs
  A shadow dragon (Vaults:5)
  5 ancient champions
  Frances (Snake:2)
  6 sphinxes (Tomb:1)
  3 storm dragons
  Gastronok (D:10)
  3 rockslimes
  An azure jelly (Slime:1)
  7 tengu reavers
  Donald (Snake:2)
  7 nagarajas
  A revenant (Crypt:3)
  5 fire giants
  2 deep elf sorcerers (Vaults:5)
  An iron dragon (Depths:2)
  16 vault wardens
  2 orc warlords
  Louise (Snake:1)
  6 frost giants
  Aizul (Snake:1)
  A curse skull (Crypt:2)
  A deep elf elementalist (Elf:3)
  6 ghouls
  A juggernaut zombie (Depths:2)
  5 war gargoyles
  3 spriggan defenders (Depths:2)
  20 very ugly things
  4 ironbound thunderhulks
  8 stone giants
  10 ironbound preservers
  6 vampire knights
  4 quicksilver oozes
  2 bennus (Tomb:1)
  4 deep elf demonologists
  4 eleionomae
  15 dire elephants
  An entropy weaver (Vaults:5)
  5 bunyips
  4 deep elf annihilators
  3 spark wasps (Depths:2)
  A crystal guardian (Vaults:4)
  4 deep elf death magi
  6 fire dragons
  4 ettins
  14 yaktaur captains
  22 jiangshi
  5 mummy priests
  A salamander tyrant (Snake:4)
  5 great orbs of eyes
  6 ice dragons
  2 spriggan air magi (Depths:2)
  27 vault guards
  A hydra (shapeshifter) (Vaults:2)
  7 deep elf high priests
  10 hydras
  2 ogre magi (D:15)
  15 centaur warriors
  A ghost crab (Swamp:2)
  A demonspawn (Orc:2)
  2 peacekeepers (Vaults:4)
  2 rakshasas
  A boulder beetle (D:15)
  12 naga warriors
  7 death knights
  7 ironbound frosthearts
  A catoblepas (Lair:4)
  6 anacondas
  8 alligators
  8 death yaks (Lair:6)
  2 deep troll earth magi
  23 dancing weapons
  13 two-headed ogres
  3 deep troll shamans
  5 orc high priests (Orc:2)
  6 shock serpents
  A tengu warrior (D:13)
  3 vampire magi
  20 naga sharpshooters
  2 spectral death yaks (Lair:6)
  A spriggan berserker (Depths:2)
  Sonja (Lair:4)
  14 deep elf knights
  3 hell knights (Depths:2)
  A fire crab (Lair:6)
  3 salamander mystics
  4 iron trolls
  9 goliath frogs
  17 skeletal warriors
  3 spriggan druids
  3 shadow wraiths
  A death drake (Swamp:4)
  A spectral bunyip (Crypt:3)
  24 deep trolls
  A spectral anaconda (Lair:6)
  7 bog bodies
  6 naga ritualists
  An obsidian statue (Lair:6)
  A golden dragon skeleton (Crypt:1)
  8 phantasmal warriors
  A glowing orange brain (Vaults:1)
  9 wizards
  12 orc knights
  5 swamp dragons
  2 flayed ghosts (Crypt:3)
  11 necromancers
  Pikel (D:7)
  3 deep elf archers
  19 ironbound convokers
  8 lindwurms
  17 deep elf zephyrmancers
  54 ugly things
  9 mana vipers
  30 deep elf pyromancers
  8 orc sorcerers
  4 manticores
  5 shining eyes
  7 salamanders
  7 cyclopes
  2 will-o-the-wisps (Swamp:3)
  A black mamba (shapeshifter) (D:13)
  8 elephants
  2 guardian serpents (Snake:3)
  18 naga magi
  A shock serpent zombie (Crypt:2)
  11 cane toads
  27 black mambas
  A large abomination (Crypt:3)
  2 eyes of devastation
  23 vault sentinels
  10 kobold demonologists
  2 freezing wraiths (Swamp:4)
  An orange demon (Orc:2)
  A dire elephant skeleton (Lair:6)
  2 gargoyles
  2 efreet (D:15)
  9 komodo dragons
  Maggie (D:7)
  A catoblepas skeleton (Crypt:2)
  2 rime drakes
  26 yaktaurs
  A sea snake zombie (Crypt:2)
  A redback zombie (Crypt:1)
  14 guardian mummies
  A black draconian skeleton (Crypt:2)
  3 burning bushes (Lair:1)
  6 trolls
  A yellow draconian skeleton (Crypt:1)
  A tarantella (shapeshifter) (D:14)
  3 polar bears
  10 tyrant leeches
  A minotaur skeleton (Crypt:1)
  Grinder (D:3)
  5 dream sheep (Lair:6)
  A hornet (shapeshifter) (Vaults:5)
  13 hornets
  An iron dragon simulacrum (Crypt:3)
  An ettin zombie (Depths:1)
  A raiju (shapeshifter) (Vaults:2)
  22 blink frogs
  71 slime creatures
  3 centaur simulacra
  2 snapping turtles (shapeshifter)
  A water elemental (Elf:2)
  3 air elementals
  45 flying skulls
  6 wraiths
  4 ushabtiu (Tomb:1)
  An alligator skeleton (Crypt:2)
  16 spriggans
  3 vampires
  4 shadows
  A spriggan (shapeshifter) (Vaults:2)
  An ice dragon skeleton (Crypt:1)
  A satyr skeleton (Crypt:2)
  A yak (shapeshifter) (Vaults:5)
  6 wyverns (Lair:4)
  9 basilisks
  52 yaks
  A golden eye (Slime:4)
  A redback (Vaults:5)
  2 neqoxecs (Orc:2)
  2 death yak simulacra (Lair:6)
  5 vampire mosquitoes
  A redback (shapeshifter) (Vaults:5)
  2 swamp worm simulacra (Swamp:4)
  7 swamp worms
  30 nagas
  A warg (shapeshifter) (Vaults:5)
  4 wargs
  14 water moccasins
  3 spectral cane toads (Lair:6)
  5 acid dragons
  A small abomination (Crypt:3)
  10 hydra simulacra (Swamp:4)
  A hell hound (Lair:4)
  A faun skeleton (Crypt:1)
  A floating eye (Lair:6)
  An ice beast (D:7)
  An ice beast (shapeshifter) (D:15)
  36 orc warriors
  A sky beast (D:3)
  A black bear (D:5)
  9 necrophages
  10 ogres
  An elephant skeleton (Lair:6)
  5 wolves
  6 hexers
  15 centaurs
  21 kobold brigands
  7 bullfrogs
  3 earth elementals (Elf:3)
  A komodo dragon skeleton (Crypt:1)
  A scorpion (D:5)
  A killer bee (D:7)
  3 elephant simulacra (Lair:6)
  7 wights (D:8)
  6 vampire bats (Bailey)
  5 howler monkeys
  4 wolf zombies (Bailey)
  2 electric eels (Elf:3)
  2 centaur zombies
  A hound (D:6)
  3 jellies
  19 orc priests
  3 centaur skeletons
  Terence (D:2)
  An iguana (D:5)
  20 orc wizards
  3 hell rats (Lair:4)
  3 killer bee zombies
  A hound zombie (D:5)
  6 mummies (Tomb:1)
  Robin (D:4)
  A howler monkey zombie (D:7)
  10 adders
  A gnoll (D:4)
  3 shadow imps
  A white imp (D:6)
  An ufetubus (D:5)
  5 swamp drake simulacra (Swamp:4)
  An adder skeleton (D:4)
  4 worms
  3 dart slugs
  66 orcs
  8 bats
  7 endoplasms
  2 giant cockroaches
  11 goblins
  13 hobgoblins
  2 jackals (D:4)
  49 kobolds
  6 quokkas
  8 ball pythons
  4 frilled lizards
  10 kobold skeletons (D:12)
  8 kobold zombies (D:12)
  18 orc zombies (Bailey)
  5 rats
  A rat skeleton (Crypt:2)
  A spectral hobgoblin (D:13)
1819 creatures vanquished.

Vanquished Creatures (collateral kills)
  A golden dragon (Vaults:5)
  A tentacled monstrosity (Vaults:5)
  A titan (Vaults:5)
  A sphinx (Vaults:5)
  An azure jelly (Swamp:4)
  A ghoul (Swamp:3)
  A curse skull (Crypt:1)
  An ironbound preserver (Vaults:2)
  4 ironbound thunderhulks
  A quicksilver ooze (Slime:3)
  A very ugly thing (Depths:2)
  A stone giant (Vaults:5)
  A war gargoyle (Vaults:5)
  2 deep elf annihilators (Elf:3)
  2 deep elf demonologists
  A vampire knight (Crypt:3)
  An eleionoma (Swamp:3)
  3 bunyips
  A mummy priest (Crypt:3)
  A deep elf high priest (Vaults:4)
  A jiangshi (Crypt:3)
  2 vault guards
  3 naga warriors (Snake:4)
  A demonspawn (Orc:2)
  An ogre mage (Vaults:5)
  6 hydras
  A hydra (shapeshifter) (Vaults:5)
  An ironbound frostheart (Vaults:4)
  A death yak (Lair:6)
  A centaur warrior (Vaults:1)
  A two-headed ogre (D:15)
  4 dancing weapons (Elf:2)
  2 shock serpents (Snake:4)
  2 naga sharpshooters
  A hell knight (Depths:2)
  A deep elf knight (Elf:3)
  A salamander mystic (Snake:4)
  A goliath frog (Swamp:4)
  A skeletal warrior (Crypt:3)
  A spriggan druid (Swamp:4)
  3 deep trolls (Vaults:2)
  3 wizards
  A deep elf archer (Elf:2)
  A necromancer (Crypt:3)
  3 deep elf zephyrmancers
  10 ugly things
  3 deep elf pyromancers
  A will-o-the-wisp (Swamp:4)
  A large abomination (Crypt:3)
  2 orc sorcerers (Orc:2)
  3 black mambas
  2 salamanders (Snake:2)
  A vault sentinel (Vaults:5)
  A centaur zombie (Tomb:1)
  An elephant (Lair:4)
  2 naga magi (Snake:4)
  A komodo dragon (Lair:3)
  2 yaktaurs
  A freezing wraith (Swamp:4)
  2 guardian mummies
  A tengu conjurer (D:13)
  18 slime creatures
  3 hornets
  2 blink frogs
  A small abomination (Crypt:3)
  11 flying skulls
  A vampire (Bailey)
  A wyvern (Lair:4)
  4 wraiths
  3 spriggans
  3 yaks
  A water elemental (Elf:3)
  3 ushabtiu (Tomb:1)
  A swamp worm simulacrum (Swamp:4)
  2 swamp worms
  2 nagas
  A hydra simulacrum (Swamp:4)
  4 orc warriors (Orc:2)
  2 wolves
  A necrophage (Crypt:3)
  A bullfrog (Lair:5)
  An elf skeleton (Crypt:2)
  A draconian skeleton (Crypt:2)
  2 wights (D:8)
  A vampire bat (Bailey)
  6 orc priests
  An iguana (Lair:2)
  2 orc wizards
  A hell rat (Lair:4)
  9 orcs
  An orc zombie (Bailey)
  A bush (Lair:1)
196 creatures vanquished.

Vanquished Creatures (others)
  A sphinx (Tomb:1)
  An alligator (Swamp:4)
  An orc knight (Vaults:5)
  An orc sorcerer (Orc:2)
  A deep elf pyromancer (D:13)
  3 bloated husks
  A slime creature (Vaults:1)
  A naga (Snake:3)
  A centaur (shapeshifter) (Vaults:5)
  70 hexers
  An orc (Orc:2)
  12 foxfires
  21 fungi
  46 plants
  24 withered plants (Lair:6)
185 creatures vanquished.

Grand Total: 2200 creatures vanquished

Table legend:
 A = Non-vault XP
 B = Vault XP
 C = Vault XP percentage of total XP
 D = Non-vault monster count
 E = Vault monster count
 F = Vault count percentage of total count
                 A         B        C        D         E       F
            +---------+---------+-------+---------+---------+-------
      Total |  512096 |  479635 |  48.4 |    1206 |     807 |  40.1
            +---------+---------+-------+---------+---------+-------
        D:1 |      50 |       0 |   0.0 |      28 |       0 |   0.0
        D:2 |      72 |      38 |  34.5 |      23 |       1 |   4.2
        D:3 |     143 |     272 |  65.5 |      11 |       1 |   8.3
        D:4 |     326 |     220 |  40.3 |      28 |      13 |  31.7
        D:5 |     666 |       0 |   0.0 |      21 |       0 |   0.0
        D:6 |     289 |       0 |   0.0 |       7 |       0 |   0.0
        D:7 |     539 |    1370 |  71.8 |      13 |       6 |  31.6
        D:8 |     548 |       0 |   0.0 |      12 |       0 |   0.0
        D:9 |    1831 |    2392 |  56.6 |      18 |       4 |  18.2
       D:10 |    4047 |    2004 |  33.1 |      32 |       2 |   5.9
       D:11 |    3791 |       0 |   0.0 |      24 |       0 |   0.0
       D:12 |    7579 |    1227 |  13.9 |      28 |      52 |  65.0
       D:13 |    7746 |    2766 |  26.3 |      25 |       7 |  21.9
       D:14 |    9709 |       0 |   0.0 |      19 |       0 |   0.0
       D:15 |   20677 |    4183 |  16.8 |      33 |       8 |  19.5
     Lair:1 |    1368 |    1234 |  47.4 |       5 |       4 |  44.4
     Lair:2 |    6748 |    1837 |  21.4 |      26 |       8 |  23.5
     Lair:3 |    5927 |       0 |   0.0 |      24 |       0 |   0.0
     Lair:4 |    9905 |    5957 |  37.6 |      32 |      24 |  42.9
     Lair:5 |    7393 |       0 |   0.0 |      20 |       0 |   0.0
     Lair:6 |   22623 |   13406 |  37.2 |      60 |      29 |  32.6
    Swamp:1 |    7303 |    1080 |  12.9 |      16 |       5 |  23.8
    Swamp:2 |   10336 |       0 |   0.0 |      16 |       0 |   0.0
    Swamp:3 |   22164 |       0 |   0.0 |      36 |       0 |   0.0
    Swamp:4 |   17488 |    6357 |  26.7 |      31 |      25 |  44.6
    Snake:1 |    8062 |    2382 |  22.8 |      16 |       2 |  11.1
    Snake:2 |   15526 |   10058 |  39.3 |      31 |      21 |  40.4
    Snake:3 |   10299 |    7890 |  43.4 |      18 |       6 |  25.0
    Snake:4 |   25330 |   27980 |  52.5 |      46 |      41 |  47.1
    Slime:1 |    6182 |    2150 |  25.8 |      11 |       2 |  15.4
    Slime:2 |    5934 |       0 |   0.0 |      13 |       0 |   0.0
    Slime:3 |   12036 |       0 |   0.0 |      20 |       0 |   0.0
    Slime:4 |    6832 |    2425 |  26.2 |      19 |       3 |  13.6
      Orc:1 |    1962 |       0 |   0.0 |      25 |       0 |   0.0
      Orc:2 |    4086 |   13807 |  77.2 |      36 |      54 |  60.0
      Elf:1 |   12388 |    8045 |  39.4 |      20 |      14 |  41.2
      Elf:2 |   12131 |   26744 |  68.8 |      22 |      34 |  60.7
      Elf:3 |   14158 |    5834 |  29.2 |      27 |       6 |  18.2
   Vaults:1 |   28759 |   19316 |  40.2 |      45 |      25 |  35.7
   Vaults:2 |   23691 |   40515 |  63.1 |      32 |      48 |  60.0
   Vaults:3 |   24953 |   18968 |  43.2 |      43 |      26 |  37.7
   Vaults:4 |   20272 |   52757 |  72.2 |      32 |      58 |  64.4
   Vaults:5 |    7513 |   74747 |  90.9 |      18 |      64 |  78.0
    Crypt:1 |   15062 |       0 |   0.0 |      27 |       0 |   0.0
    Crypt:2 |   29857 |    2776 |   8.5 |      46 |       2 |   4.2
    Crypt:3 |    3452 |   68066 |  95.2 |       1 |     121 |  99.2
     Tomb:1 |    5235 |   20850 |  79.9 |      13 |      25 |  65.8
   Depths:1 |   16891 |    8808 |  34.3 |      17 |      12 |  41.4
   Depths:2 |   32217 |   19611 |  37.8 |      40 |      21 |  34.4
     Bailey |       0 |    1563 | 100.0 |       0 |      33 | 100.0
            +---------+---------+-------+---------+---------+-------

Illustrated notes

Table legend:
 A = Kills in this place as a percentage of kills in entire the game.
 B = Kills by you in this place as a percentage of kills by you in the entire game.
 C = Kills by friends in this place as a percentage of kills by friends in the entire game.
 D = Other kills in this place as a percentage of other kills in the entire game.
 E = Experience gained in this place as a percentage of experience gained in the entire game.
 F = Experience gained in this place divided by the number of levels of this place that you have seen.
                   A       B       C       D       E      F
               +-------+-------+-------+-------+-------+----------------------
         Total | 100.0 | 100.0 | 100.0 | 100.0 | 100.0 | 18711.9
       Dungeon |  20.7 |  22.8 |   5.6 |   0.0 |   7.3 | 4832.3
          Lair |  11.5 |  11.9 |  10.3 |   2.5 |   7.7 | 12733.0
         Swamp |   6.4 |   6.0 |  10.3 |   7.5 |   6.5 | 16182.0
     Snake Pit |   9.0 |   9.2 |   8.7 |   2.5 |  10.8 | 26881.8
    Slime Pits |   3.4 |   3.0 |   7.7 |   0.0 |   3.6 | 7111.8
  Orcish Mines |   5.7 |   5.3 |   9.7 |   5.0 |   2.0 | 9927.5
   Elven Halls |   6.1 |   5.8 |   8.2 |  10.0 |   8.0 | 26433.3
        Vaults |  19.4 |  19.1 |  19.5 |  32.5 |  31.4 | 62298.2
         Crypt |   9.8 |   9.1 |  13.3 |  22.5 |  12.0 | 39737.7
          Tomb |   1.9 |   1.8 |   2.6 |   2.5 |   2.6 | 26085.0
        Depths |   4.5 |   4.4 |   2.6 |  15.0 |   7.8 | 25842.3
        Bailey |   1.6 |   1.7 |   1.5 |   0.0 |   0.2 | 1563.0
               +-------+-------+-------+-------+-------+----------------------

Table legend: (Time is in decaauts)
 A = Elapsed time spent in this place.
 B = Non-inter-level travel time spent in this place.
 C = Inter-level travel time spent in this place.
 D = Time resting spent in this place.
 E = Time spent auto-exploring this place.
 F = Levels seen in this place.
 G = Mean time per level.
                   A        B        C        D        E       F      G
               +--------+--------+--------+--------+--------+-----+--------+
         Total |  90380 |  82590 |   7790 |  23519 |  26643 |  53 | 1705.3 |
       Dungeon |  19913 |  16332 |   3581 |   1756 |  10044 |  15 | 1327.5 |
        Temple |     74 |     59 |     15 |      0 |     40 |   1 |   74.0 |
          Lair |   9582 |   8641 |    941 |    941 |   3598 |   6 | 1597.0 |
         Swamp |   9853 |   9553 |    300 |   5746 |   1363 |   4 | 2463.2 |
     Snake Pit |  14981 |  14185 |    796 |   6639 |   2559 |   4 | 3745.2 |
    Slime Pits |   3595 |   3527 |     68 |   1557 |    581 |   5 |  719.0 |
  Orcish Mines |   4571 |   4094 |    477 |   2078 |    492 |   2 | 2285.5 |
   Elven Halls |   3138 |   2994 |    144 |    243 |    661 |   3 | 1046.0 |
        Vaults |  13338 |  12476 |    862 |   2545 |   4821 |   5 | 2667.6 |
         Crypt |   5040 |   4692 |    348 |    925 |    997 |   3 | 1680.0 |
          Tomb |   2326 |   2254 |     72 |    419 |    357 |   1 | 2326.0 |
        Depths |   3402 |   3220 |    182 |    578 |    938 |   3 | 1134.0 |
        Bailey |    562 |    562 |      0 |     90 |    188 |   1 |  562.0 |
               +--------+--------+--------+--------+--------+-----+--------+

Top non-repeatable levels by time:
 Snake:2: 4719 daAuts
 Snake:3: 4141 daAuts
   Orc:2: 3834 daAuts
Vaults:4: 3306 daAuts
 Snake:1: 3065 daAuts
Vaults:2: 3064 daAuts
 Snake:4: 3054 daAuts
    D:10: 2933 daAuts
 Swamp:3: 2746 daAuts
  Lair:6: 2636 daAuts
 Crypt:3: 2629 daAuts
 Swamp:4: 2622 daAuts
    D:12: 2605 daAuts
 Swamp:2: 2581 daAuts
Vaults:5: 2432 daAuts
